 Dungeon Crawl Stone Soup version 0.30.0-15-g856e2d3f33 (webtiles) character file.

Game seed: 4899645288837434291

77 oldmanjim the Shield-Bearer (level 4, -3/35 HPs)
             Began as a Djinni Fighter on May 18, 2023.
             Slain by an orc
             ... wielding a +0 flail
              (5 damage)
             ... on level 2 of the Dungeon.
             The game lasted 00:06:03 (1626 turns).

oldmanjim the Shield-Bearer (Djinni Fighter)        Turns: 1626, Time: 00:06:03

Health: -3/35      AC:  3    Str: 15    XL:     4   Next: 58%
Gold:   94         EV: 11    Int: 15    God:
                   SH:  5    Dex: 15

rFire   + + .        a - +0 long sword
rCold   x . .        c - +0 buckler
rNeg    . . .        r - +0 leather armour
rPois   ∞            (no helmet)
rElec   .            (no cloak)
rCorr   .            (no gloves)
SInv    .            (boots unavailable)
Will    .....        (no amulet)
Stlth   +            q - +6 ring of intelligence
HPRegen 0.25/turn    (no ring)
MPRegen 0.00/turn

%: infuse magic (-4 HP)
@: flying
A: sickness immunity, fire resistance 2, cold vulnerability 1, float, innate
caster, HP casting, extra vitality 1
a: no special abilities


You were on level 2 of the Dungeon.
You visited 1 branch of the dungeon, and saw 3 of its levels.

You collected 94 gold pieces.

Inventory:

Hand Weapons
 a - a +0 long sword (weapon)
Missiles
 g - 11 boomerangs (quivered)
 j - 28 stones
Armour
 c - a +0 buckler (worn)
 r - a +0 leather armour (worn)
Jewellery
 q - a +6 ring of intelligence (left hand)
Scrolls
 h - a scroll of identify {unknown}
 k - a scroll of magic mapping {unknown}
 l - a scroll of poison {unknown}
 p - a scroll of noise {unknown}
Potions
 d - 2 potions of might
 e - a potion of haste {unknown}
 f - a potion of degeneration {unknown}
 i - 2 potions of curing {unknown}
 m - 2 potions of heal wounds {unknown}
 n - a potion of ambrosia {unknown}
 o - 2 potions of brilliance {unknown}


   Skills:
 + Level 3.3 Fighting
 + Level 2.3 Long Blades
 - Level 3.0 Armour
 + Level 1.5 Dodging
 * Level 3.8 Shields
 + Level 0.5 Spellcasting


You knew the following spells:

 Your Spells              Type           Power      Damage    Failure   Level
a - Summon Small Mammal   Summ           8%         N/A       32%         1
Your spell library was empty.

Dungeon Overview and Level Annotations

Branches:
Dungeon (3/15)

Altars:

Shops:
D:2 [[=(


Innate Abilities, Weirdness & Mutations

You are immune to sickness and miasma.
You are immune to poison.
Your flesh is very heat resistant. (rF++)
You are vulnerable to cold. (rC-)
You float through the air rather than walking.
You learn spells naturally, not from books.
Your magical power is your life essence.
You have superior vitality. (+4 MHP)


Message History

You block the orc's attack.
You completely miss the orc.
The orc is severely wounded.
The orc closely misses you. You block the orc's attack. Something hits you.
You hit the orc but do no damage.
The orc is severely wounded.
The orc hits you with a +0 flail! You block something's attack.
The orc attacks as you move away! The orc barely misses you. x2
The orc hits you from afar with a +0 trident.
* * * LOW HITPOINT WARNING * * *
The orc attacks as you move away! The orc barely misses you.
The orc attacks as you move away! The orc barely misses you.
The orc attacks as you move away! You block the orc's attack.
The orc attacks as you move away! The orc barely misses you.
The orc attacks as you move away! The orc hits you with a +0 flail.
* * * LOW HITPOINT WARNING * * *
The orc attacks as you move away! The orc closely misses you.
The orc attacks as you move away! The orc barely misses you.
There is a stone staircase leading up here.
The orc hits you with a +0 flail.
* * * LOW HITPOINT WARNING * * *
The orc hits you from afar with a +0 trident.
* * * LOW HITPOINT WARNING * * *
You fly upwards.
Reactivating autopickup.
There is a stone staircase leading down here.
You hit the orc.
The orc is moderately wounded.
The orc hits you but does no damage. The orc hits you with a +0 flail.
* * * LOW HITPOINT WARNING * * *
You barely miss the orc.
The orc is moderately wounded.
The orc closely misses you.
You barely miss the orc.
The orc is moderately wounded.
The orc closely misses you.
You hit the orc.
The orc is severely wounded.
The orc closely misses you. The orc hits you with a +0 flail.
You die...

#.#..........#
#.#.........##
###.#.........# ##########
....#.........# #.......<#
#####.........# #.########
.# #.##.###### #.#
.####.##.....# #.#
....#.##.....####.#########
................@.........#
.##.#.##.#######o.#######.#
>.....#...........# #.#
###.###..#######.###### #.#
..#.###..#............# #.#
.##...#..###.#...####.# #.#
.####.#.............#.#
#.#####
......#.###....##.#.#.#
#.....#
...............##.....#
####.##


You could see an orc.

Vanquished Creatures
  3 gnolls (D:2)
  An adder (D:2)
  2 dart slugs (D:1)
  4 ball pythons
  7 endoplasms
  A giant cockroach (D:1)
  5 goblins
  2 hobgoblins
  3 kobolds
  A quokka (D:1)
  A bat (D:2)
  3 frilled lizards
  A rat (D:1)
34 creatures vanquished.

Notes
Turn   | Place    | Note
-------+----------+-------------------------------------------
     0 | D:1      | oldmanjim the Djinni Fighter began the quest for the Orb.
     0 | D:1      | Reached XP level 1. HP: 20/20 MP: 0/0
    39 | D:1      | Reached XP level 2. HP: 25/25 MP: 0/0
   356 | D:1      | Reached XP level 3. HP: 30/30 MP: 0/0
   356 | D:1      | Learned a level 1 spell: Summon Small Mammal
   365 | D:1      | Reached skill level 1 in Dodging
   764 | D:2      | Found Jeigomuw's Weapon Emporium.
  1004 | D:2      | Reached XP level 4. HP: 16/35 MP: 0/0
  1120 | D:2      | Found Kuti's Jewellery Shop.
  1124 | D:2      | Found Alusaboj's Antique Armour Shop.
  1204 | D:2      | Found Yguttuf's Antique Armour Shoppe.
  1623 | D:2      | HP: 1/35 [orc/+0 flail (1)]
  1626 | D:2      | Slain by an orc

Illustrated notes

Levels and vault maps discovered:
D:1:      scummos_arrival_checkerplants, layout_basic, minmay_pentomino_r4
D:2:      layout_basic, serial_shops, shop, nicolae_square_shop, shop,
          shop_fountains, minmay_misc_feat_more_columns
D:3:      layout_loops_ring, mainiacjoe_overflow_small_starburst

Skill      XL: |  1  2  3 |
---------------+----------+-----
Long Blades    | 2 |  2.3
Dodging        | 1 |  1.5
Fighting       | |  3.3
Armour         | |  3.0
Shields        | |  3.8
Spellcasting   | |  0.5

Action                     |  1- 3 |  4- 6 || total
---------------------------+-------+-------++-------
  Melee: Long sword        |    70 |    32 ||   102
 Armour: Scale mail        |    27 |     7 ||    34
         Leather armour    |       |     1 ||     1
  Dodge: Dodged            |    26 |    23 ||    49
  Block: Buckler           |     8 |    11 ||    19
